 Dungeon Crawl Stone Soup version 0.25-a0-696-g42a9e46d90 (console) character file.

Game seed: 2788696649728010650, levelgen mode: classic

403 Duffy the Chopper (level 6, -1/57 HPs)
             Began as a Naga Gladiator on Mar 31, 2020.
             Was an Initiate of Gozag.
             Slain by an orc wizard
             ... wielding a +0 dagger
              (3 damage)
             ... on level 4 of the Dungeon.
             The game lasted 00:02:30 (2621 turns).

Duffy the Chopper (Naga Gladiator)                  Turns: 2621, Time: 00:02:30

Health: -1/57      AC:  6    Str: 16    XL:     6   Next: 86%
Magic:  6/6        EV:  9    Int: 11    God:    Gozag
Gold:   158        SH:  0    Dex: 12    Spells: 5/5 levels left

rFire    . . .     SeeInvis +   a - +2 hand axe (vorpal)
rCold    . . .     Gourm    .   (no shield)
rNeg     . . .     Faith    .   j - +0 ring mail
rPois    +         Spirit   .   c - +0 helmet
rElec    .         Reflect  .   s - +0 cloak (curse)
rCorr    .         Harm     .   (no gloves)
MR       .....                  (no barding)
Stlth    +.........             q - amulet of regeneration
HPRegen  0.59/turn              (no ring)
MPRegen  0.10/turn              (no ring)

@: gold aura, very slow
A: large, see invisible, deformed body, poison resistance, slowness 2, slow
metabolism 1, spit poison 1, AC +2
a: Spit Poison, Potion Petition, Call Merchant, Bribe Branch, Renounce Religion


You were on level 4 of the Dungeon.
You worshipped Gozag.
Gozag was aware of your devotion.
You were very hungry.

You visited 1 branch of the dungeon, and saw 4 of its levels.

You collected 181 gold pieces.
You paid 23 gold pieces to Gozag.

Inventory:

Hand Weapons
 a - a +2 vorpal hand axe (weapon)
 e - a +0 war axe
 k - a +0 vorpal hand axe
 l - a +2 vorpal flail
 v - a +3 hand axe
Missiles
 d - 2 throwing nets (quivered)
Armour
 b - a +0 leather armour
 c - a +0 helmet (worn)
 j - a +0 ring mail (worn)
 s - a cursed +0 cloak (worn)
Jewellery
 q - an amulet of regeneration (around neck)
Scrolls
 h - 3 scrolls of teleportation
 m - a scroll of enchant weapon
 n - 4 scrolls of remove curse
 o - a scroll of magic mapping
 r - a scroll of amnesia {unknown}
 t - a scroll of immolation {unknown}
 u - a scroll of blinking {unknown}
Potions
 g - a potion of haste
 i - a potion of lignification {unknown}
 p - 4 potions of heal wounds
Comestibles
 f - 6 rations


   Skills:
 + Level 4.3 Fighting
 * Level 6.3 Axes
 - Level 1.7 Throwing
 - Level 2.4 Dodging


You had 5 spell levels left.
You didn't know any spells.
Your spell library was empty.

Dungeon Overview and Level Annotations

Branches:
Dungeon (4/15)             Temple (0/1) D:4

Altars:
Gozag
Vehumet


Innate Abilities, Weirdness & Mutations

You cannot wear boots.
Your serpentine skin is tough. (AC +2)
You have supernaturally acute eyesight. (SInv)
Armour fits poorly on your strangely shaped body.
Your system is resistant to poisons. (rPois)
You cover ground very slowly.
You have a slow metabolism.
You can spit poison.


Message History

You are too injured to fight recklessly!
You are too injured to fight recklessly!
You hit the orc priest.
The orc priest is severely wounded.
You hit the orc wizard. You hit the orc but do no damage.
The orc wizard hits you but does no damage.
The orc priest mumbles some strange prayers to Beogh against you.
Pain shoots through your body! The orc wizard casts a spell at you.
The puff of frost hits you. The orc closely misses you.
You hit the orc priest.
You kill the orc priest!
You hit the orc.
You kill the orc!
You closely miss the orc wizard.
The orc wizard gestures at you while chanting.
The puff of flame hits you!
The orc wizard hits you with a +0 dagger.
You die...
Your body crumbles into a pile of gold.

#.##..#.###.########.#.##
#.).....#...##...##.....#
###.#...................#
#..##..#...##...#)....#
####..##..######..##.####
......###..####...##.#
......###.......#.##.#
####...#..>...#..o...#
#.#.......#..#@####
#.##..##.##....# #.##.##
##.$...# #. #.. #.......
#. ##........... ..
...#(..)...# $
##.##.....## ##.....


You could see an orc wizard.

Vanquished Creatures
  An ogre (D:4)
  A scorpion (D:4)
  3 orc wizards (D:4)
  A centaur skeleton (D:3)
  An orc priest (D:4)
  An adder (D:2)
  A gnoll (D:1)
  An ooze (D:2)
  5 worms
  3 dart slugs (D:1)
  3 leopard geckos
  8 orcs
  3 giant cockroaches (D:3)
  A goblin (D:3)
  12 hobgoblins
  6 jackals
  A quokka (D:3)
  6 bats
  2 frilled lizards
  13 kobolds
  10 rats
83 creatures vanquished.

Notes
Turn   | Place    | Note
-------+----------+-------------------------------------------
     0 | D:1      | Duffy the Naga Gladiator began the quest for the Orb.
     0 | D:1      | Reached XP level 1. HP: 19/19 MP: 1/1
   171 | D:1      | Reached XP level 2. HP: 16/26 MP: 2/2
   543 | D:1      | Reached XP level 3. HP: 31/33 MP: 3/3
   560 | D:1      | Reached skill level 4 in Axes
  1055 | D:1      | You fall into a shaft and drop 1 floor!
  1225 | D:2      | Reached XP level 4. HP: 36/40 MP: 4/4
  2108 | D:3      | Found a radiant altar of Vehumet,
  2108 | D:3      | Found an opulent altar of Gozag,
  2117 | D:3      | Became a worshipper of Gozag Ym Sagoz the Greedy
  2147 | D:3      | Reached skill level 5 in Axes
  2147 | D:3      | Reached XP level 5. HP: 45/49 MP: 5/5
  2465 | D:4      | Reached XP level 6. HP: 56/57 MP: 6/6
  2545 | D:4      | Found a staircase to the Ecumenical Temple,
  2573 | D:4      | Reached skill level 6 in Axes
  2620 | D:4      | HP: 1/57 [orc wizard/puff of flame (9)]
  2621 | D:4      | Slain by an orc wizard

Levels and vault maps discovered:
D:1:      grunt_arrival_lava_bath, layout_basic
D:2:      layout_basic
D:3:      layout_basic, chequers_temple_overflow_statue_of_worship, first_ration
D:4:      layout_loops_ring, marbit_many_paths, minmay_temple_entry_wispy,
          fedhas_altar_3

Skill      XL: |  1  2  3  4  5  6 |
---------------+-------------------+-----
Axes           | 4 5 6 |  6.3
Fighting       | 3 4 |  4.3
Throwing       | |  1.7
Dodging        | |  2.4

Action                   |  1- 3 |  4- 6 || total
-------------------------+-------+-------++-------
Melee: Hand axe          |    85 |   140 ||   225
Throw: Throwing net      |       |     2 ||     2
 Abil: Spit Poison       |       |     1 ||     1
  Use: Scroll            |       |     6 ||     6
  Eat: Chunk             |       |     3 ||     3
Armor: Leather armour    |     5 |       ||     5
       Ring mail         |    29 |    47 ||    76
Dodge: Dodged            |    46 |    66 ||   112

Table legend:
 A = Non-vault XP
 B = Vault XP
 C = Vault XP percentage of total XP
 D = Non-vault monster count
 E = Vault monster count
 F = Vault count percentage of total count
                 A         B        C        D         E       F
            +---------+---------+-------+---------+---------+-------
      Total |     576 |       0 |   0.0 |      83 |       0 |   0.0
            +---------+---------+-------+---------+---------+-------
        D:1 |      56 |       0 |   0.0 |      24 |       0 |   0.0
        D:2 |      61 |       0 |   0.0 |      22 |       0 |   0.0
        D:3 |      96 |       0 |   0.0 |      27 |       0 |   0.0
        D:4 |     363 |       0 |   0.0 |      10 |       0 |   0.0
            +---------+---------+-------+---------+---------+-------
